Match 42446765
Unlisted

Match 42446765
End
Construct Barracks
Riflemen Squad
Riflemen Squad
Riflemen Squad
Infantry Support Center
Construct Motor Pool
M8 Greyhound Armored Car
M1 Mortar Team
M1 Anti-tank Gun Team
Grenade Package
Selects Armored Battlegroup
Selects Strength in Steel
Selects Veteran Crews
Construct Medical Station
Selects Field Repairs
M1918 Browning Automatic Rifles
Engineer Squad
M8 Greyhound Armored Car
Selects War Machine
M24 Chaffee Light Tank
Engineer Squad
Selects Seek and Destroy
Engooeer
Brick_man
playnwinplayer
ksm9701
0
0

Comments sign in to comment!

No comments posted yet!